cohdb
Replays
Latest Replays
All Replays
Popular Replays
Top Player Replays
Match Explorer
How It Works
Community
CoH3 Stats
Reddit
Sign in to upload your games and track your stats! →
Sign in with Steam
Match 41707419
Unlisted
Match 41707419
Overview
Messages
Build Orders
End
Construct Barracks
Riflemen Squad
Selects Armored Battlegroup
Selects Veteran Crews
1⁄4-ton 4x4 Truck
M1 Mortar Team
Riflemen Squad
Mechanized Support Center
Riflemen Squad
Construct Weapon Support Center
Selects Fast Deploy
M3 Armored Personnel Carrier
Grenade Package
M3 Armored Personnel Carrier
Designate Forward Repair Station
M1918 Browning Automatic Rifles
M3 Armored Personnel Carrier
Selects M31 Recovery Vehicle
Selects War Machine
Construct Tank Depot
Engineer Squad
M1919 Machine Gun Team
Riflemen Squad
Engineer Squad
Scout Squad
M18 Hellcat Tank Destroyer
Selects Seek and Destroy
Selects UNKNOWN (2160077)
soy_migueleitro
El_Arandino
Derlis
asado de perro
BIOHAZARD
=BIA=Daghito
demenza058
Andreuz
0
0
Comments
sign in to comment!
No comments posted yet!